 Dungeon Crawl Stone Soup version 0.22-a0-469-gf26638a (webtiles) character file.

142 KristoblXynda the Ruffian (level 5, -3/45 HPs)
             Began as a Troll Wizard on June 13, 2018.
             Slain by Zorot's ghost (12 damage)
             ... on level 3 of the Dungeon.
             The game lasted 00:03:33 (1586 turns).

KristoblXynda the Ruffian (Troll Wizard)            Turns: 1586, Time: 00:03:34

Health: -3/45      AC:  5    Str: 15    XL:     5   Next: 3%
Magic:  7/7        EV:  9    Int: 15    God:
Gold:   115        SH:  0    Dex:  8    Spells: 4/8 levels left

rFire    . . .     SeeInvis .     - Unarmed
rCold    . . .     Gourm    +   (no shield)
rNeg     . . .     Faith    .   a - +0 robe
rPois    .         Spirit   .   b - +0 hat
rElec    .         Reflect  .   (no cloak)
rCorr    .         Harm     .   (gloves unavailable)
MR       .....                  (boots unavailable)
Stlth    +.........             (no amulet)
HPRegen  0.55/turn              (no ring)
MPRegen  0.10/turn              (no ring)

@: no status effects
A: large, unfitting armour, claws 3, fast metabolism 3, gourmand, regeneration
1, shaggy fur 1, tough skin 2
a: no special abilities


You were on level 3 of the Dungeon.
You were completely stuffed.

You visited 1 branch of the dungeon, and saw 3 of its levels.

You collected 115 gold pieces.

Inventory:

Missiles
 e - a throwing net (quivered)
Armour
 a - a +0 robe (worn)
 b - a +0 hat (worn)
Scrolls
 c - 3 scrolls of teleportation
 i - 2 scrolls of fear
Comestibles
 d - 3 rations
 j - 3 chunks of flesh


   Skills:
 - Level 1.5 Dodging
 - Level 1.0 Stealth
 * Level 3.2 Unarmed Combat
 - Level 2.0 Spellcasting
 * Level 2.5 Conjurations
   Level 0.6 Summonings
   Level 0.6 Translocations


You had 4 spell levels left.
You knew the following spells:

 Your Spells              Type           Power        Failure   Level  Hunger
a - Magic Dart            Conj           #...         8%          1    #......
b - Mephitic Cloud        Conj/Pois/Air  #.......     43%         3    ###....

Your spell library contained the following spells:

 Spells                   Type           Power        Failure   Level  Hunger
 Conjure Flame            Conj/Fire      #.......     36%         3    ###....
 Slow                     Hex            #.......     32%         2    ###....
 Blink                    Tloc           N/A          26%         2    ###....
 Call Imp                 Summ           #.......     26%         2    ###....


Dungeon Overview and Level Annotations

Branches:
Dungeon (3/15)

Altars:

Annotations:
D:3 Zorot's ghost, amateur DsCK


Innate Abilities, Weirdness & Mutations

You are too large for most types of armour.
You have claws for hands.
Your metabolism is lightning-fast.
You like to eat raw meat.
Your natural rate of healing is unusually fast.
You are covered in fur. (AC +1)
You have very tough skin. (AC +2)


Message History

You claw Zorot's ghost!
Zorot's ghost is severely damaged.
Zorot's ghost hits you!
You claw Zorot's ghost!
Zorot's ghost is almost destroyed.
You barely miss Zorot's ghost.
Zorot's ghost is almost destroyed.
Zorot's ghost hits you.
* * * LOW HITPOINT WARNING * * *
You barely miss Zorot's ghost.
Zorot's ghost is almost destroyed.
Zorot's ghost closely misses you.
You barely miss Zorot's ghost.
Zorot's ghost is almost destroyed.
Zorot's ghost hits you.
* * * LOW HITPOINT WARNING * * *
You barely miss Zorot's ghost.
Zorot's ghost is almost destroyed.
Zorot's ghost hits you!
You die...

###############
..............#
#############.# #.#
#.##### #.....# #####.#
#################.######
...........รท.))W@........
#################.#####..
#.# ..# #.. ### ...
######### .. #.......# #.#
#.......# #.. #.......#
#.##


You could see Zorot's ghost.

Vanquished Creatures
  A sky beast (D:3)
  A gnoll (D:1)
  2 dart slugs
  2 leopard geckos
  2 orcs (D:3)
  2 ball pythons (D:1)
  2 bats (D:1)
  4 giant cockroaches
  6 goblins
  4 hobgoblins (D:1)
  2 quokkas (D:2)
  2 kobolds (D:2)
  5 rats
35 creatures vanquished.

Notes
Turn   | Place    | Note
-------+----------+-------------------------------------------
     0 | D:1      | KristoblXynda the Troll Wizard began the quest for the Orb.
     0 | D:1      | Reached XP level 1. HP: 16/16 MP: 2/2
    60 | D:1      | Reached skill level 1 in Conjurations
    73 | D:1      | Reached skill level 1 in Unarmed Combat
    73 | D:1      | Reached XP level 2. HP: 8/24 MP: 4/4
   372 | D:1      | Reached XP level 3. HP: 31/31 MP: 5/5
   531 | D:1      | Reached skill level 2 in Unarmed Combat
   842 | D:2      | Found a faded altar of an unknown god.
  1345 | D:3      | Noticed Zorot's ghost (amateur DsCK)
  1390 | D:3      | Noticed a sky beast
  1399 | D:3      | Killed a sky beast
  1399 | D:3      | Reached skill level 3 in Unarmed Combat
  1399 | D:3      | Reached XP level 4. HP: 15/39 MP: 6/6
  1399 | D:3      | Reached XP level 5. HP: 17/45 MP: 7/7
  1453 | D:3      | Learned a level 3 spell: Mephitic Cloud
  1586 | D:3      | Slain by Zorot's ghost

Vault maps used:
D:1:      tarquinn_simple_flora_water_c
D:2:      chequers_ecumenical_altar_simple, nicolae_underground_beach
D:3:      first_ration, serial_bayou_crossing

Skill      XL: |  1  2  3 |
---------------+----------+-----
Conjurations   | 1 2 |  2.5
Unarmed Combat | 1 3 |  3.2
Dodging        | |  1.5
Stealth        | |  1.0
Spellcasting   | |  2.0
Summonings     | |  0.6
Translocations | |  0.6

Action                   |  1- 3 |  4- 6 || total
-------------------------+-------+-------++-------
Melee: Unarmed           |    97 |    15 ||   112
  Use: Scroll            |     1 |     4 ||     5
 Stab: Sleeping          |     5 |       ||     5
  Eat: Chunk             |    18 |     2 ||    20
Armor: Robe              |    27 |       ||    27
Dodge: Dodged            |    32 |     4 ||    36

Table legend:
 A = Spawn XP
 B = Non-spawn XP
 C = Spawn XP percentage of total XP
 D = Spawn monster count
 E = Non-spawn monster count
 F = Spawn count percentage of total count
 G = Total turns spent on level
                    A         B        C        D         E        F      G
               +---------+---------+-------+---------+---------+-------+---------
         Total |       0 |     203 |   0.0 |       0 |      35 |   0.0 |  1586
               +---------+---------+-------+---------+---------+-------+---------
           D:1 |       0 |      54 |   0.0 |       0 |      21 |   0.0 |   680
           D:2 |       0 |      11 |   0.0 |       0 |       7 |   0.0 |   646
           D:3 |       0 |     138 |   0.0 |       0 |       7 |   0.0 |   260
               +---------+---------+-------+---------+---------+-------+---------
